 Dungeon Crawl Stone Soup version 0.23.2-33-g5129a83184 (webtiles) character file.

Game seed: 5172385047390121566

103 psyvane the Conjurer (level 4, -2/24 HPs)
             Began as a Tengu Conjurer on July 12, 2019.
             Slain by a wraith (8 damage)
             ... in an ossuary.
             The game lasted 00:08:31 (1877 turns).

psyvane the Conjurer (Tengu Conjurer)               Turns: 1877, Time: 00:08:32

Health: -2/24      AC:  2    Str:  9    XL:     4   Next: 79%
Magic:  4/8        EV: 20    Int: 15    God:
Gold:   40         SH:  0    Dex: 20    Spells: 4/7 levels left

rFire    . . .     SeeInvis .   (no weapon)
rCold    . . .     Gourm    .   (no shield)
rNeg     . . .     Faith    .   a - +0 robe
rPois    .         Spirit   .   (helmet restricted)
rElec    .         Reflect  .   (no cloak)
rCorr    .         Harm     .   (no gloves)
MR       .....                  (boots unavailable)
Stlth    +++.......             (no amulet)
HPRegen  0.08/turn              (no ring)
MPRegen  0.11/turn              (no ring)

@: agile, slowed, very slow
A: beak, talons 3
a: no special abilities


You were in an ossuary.
You were not hungry.

You visited 1 branch of the dungeon, and saw 3 of its levels.
You also visited: Ossuary.

You collected 40 gold pieces.

Inventory:

Armour
 a - a +0 robe (worn)
Wands
 e - a wand of iceblast (11)
Scrolls
 b - a scroll of noise {unknown}
 f - a scroll of identify {unknown}
Comestibles
 c - a ration


   Skills:
 * Level 4.7 Dodging
 - Level 2.0 Stealth
 - Level 2.0 Spellcasting
 - Level 6.0 Conjurations
 + Level 0.2 Evocations


You had 4 spell levels left.
You knew the following spells:

 Your Spells              Type           Power        Failure   Level  Hunger
a - Magic Dart            Conj           ###.         1%          1    #......
b - Searing Ray           Conj           ###...       2%          2    ###....

Your spell library contained the following spells:

 Spells                   Type           Power        Failure   Level  Hunger
 Dazzling Spray           Conj/Hex       ##....       19%         3    ###....
 Iskenderun's Mystic Bla  Conj           ###.....     19%         4    #####..
 Force Lance              Conj/Tloc      ##......     54%         4    #####..
 Fulminant Prism          Conj/Hex       ##........   54%         4    #####..


Dungeon Overview and Level Annotations

Branches:
Dungeon (4/15)
 Temple: D:4-7

Altars:


Innate Abilities, Weirdness & Mutations

You have a beak for a mouth.
You have claws for feet.


Message History

The searing ray hits the wraith but does no damage.
The wraith barely misses you.
The searing ray hits the wraith.
The wraith is lightly damaged.
The wraith barely misses you.
The searing ray misses the wraith.
You finish channeling your searing ray.
The wraith closely misses you. The wraith hits you!
Ouch! That really hurt!
The wraith drains your vigour!
You feel yourself slow down.
Really walk into that spear trap?
Okay, then.
Okay, then.
It was a potion of agility.
You feel agile all of a sudden. The wraith hits you.
* * * LOW HITPOINT WARNING * * *
The wraith completely misses you. The wraith hits you!
You die...

.####.....####.####..#
.#,+...8...+,#..+,#..#
.####.....####.####..#
.................^...#
......#.#............#
......#+#......####..#
..8...#,#...8.^.'!#..#
......###......####..#
...............W@....#
..................^..#
.#.#..#.#..#.#^^#.#..#
.#+#..#+#..#+#..#+#.^#
.#,#..#,#..#,#..#,#..#
.###..###..###..#*#..#
................^,...#
...^.............,,..#
######'''########*****


You could see a wraith.

Vanquished Creatures
  An elf zombie (Ossuary)
  A gnoll (D:1)
  An ooze (D:2)
  A worm (D:2)
  2 ball pythons (D:1)
  2 giant cockroaches (D:1)
  3 goblins (D:1)
  2 hobgoblins (D:1)
  2 kobolds (D:1)
  A bat (D:1)
  A frilled lizard (D:1)
  4 goblin zombies (Ossuary)
  3 kobold zombies (Ossuary)
  A rat (D:1)
25 creatures vanquished.

Notes
Turn   | Place    | Note
-------+----------+-------------------------------------------
     0 | D:1      | psyvane the Tengu Conjurer began the quest for the Orb.
     0 | D:1      | Reached XP level 1. HP: 10/10 MP: 4/4
     3 | D:1      | Noticed an electric eel
     3 | D:1      | Noticed an electric eel
   239 | D:1      | Reached XP level 2. HP: 7/15 MP: 0/6
   248 | D:1      | Learned a level 2 spell: Searing Ray
   434 | D:1      | Reached skill level 6 in Conjurations
   611 | D:1      | Reached XP level 3. HP: 19/19 MP: 4/7
  1249 | D:2      | You fall through a shaft for 2 floors!
  1359 | D:4      | Found a sand-covered staircase.
  1363 | Ossuary  | Entered an ossuary
  1363 | Ossuary  | Noticed a wraith
  1363 | Ossuary  | Noticed a wraith
  1363 | Ossuary  | Noticed a wraith
  1784 | Ossuary  | Reached XP level 4. HP: 13/24 MP: 0/8
  1868 | Ossuary  | Noticed a wraith
  1877 | Ossuary  | Slain by a wraith

Skill      XL: |  1  2  3 |
---------------+----------+-----
Conjurations   | 6 |  6.0
Dodging        | 3 4 |  4.7
Stealth        | |  2.0
Spellcasting   | |  2.0
Evocations     | |  0.2

Action                   |  1- 3 |  4- 6 || total
-------------------------+-------+-------++-------
Melee: Unarmed           |    26 |       ||    26
       Kick              |     6 |       ||     6
       Peck              |     5 |       ||     5
 Cast: Magic Dart        |    73 |     1 ||    74
       Searing Ray       |     2 |     1 ||     3
Evoke: Wand              |     1 |       ||     1
  Use: Potion            |     2 |     1 ||     3
       Scroll            |     2 |       ||     2
  Eat: Ration            |     1 |     1 ||     2
Armor: Robe              |     5 |       ||     5
Dodge: Dodged            |    31 |     4 ||    35
